 Dungeon Crawl Stone Soup version 0.31.0-11-ge490571c62 (webtiles) character file.

Game seed: 14006308639838634540

211 Arcadio the Sneak (level 5, -2/43 HPs)
             Began as a Human Delver on Jan 29, 2024.
             Slain by a gnoll
             ... wielding a +0 spear
              (5 damage)
             ... on level 4 of the Dungeon.
             The game lasted 00:05:25 (2950 turns).

Arcadio the Sneak (Human Delver)                    Turns: 2950, Time: 00:05:25

Health: -2/43      AC: 10    Str: 13    XL:     5   Next: 88%
Magic:  5/5        EV:  4    Int: 10    God:
Gold:   134        SH:  0    Dex: 16    Spells: 4/4 levels left

rFire   + . .        a - +0 falchion
rCold   . . .        r - orb {light}
rNeg    . . .        s - +0 plate armour
rPois   .            (no helmet)
rElec   .            (no cloak)
rCorr   .            (no gloves)
SInv    .            (no boots)
Will    .....        (no amulet) Stlth
                     k - ring of protection from fire
HPRegen 0.27/turn    (no ring)
MPRegen 0.09/turn

%: no passive effects
@: glowing
A: explore regen
a: no special abilities


You were on level 4 of the Dungeon.
You visited 1 branch of the dungeon, and saw 5 of its levels.

You collected 134 gold pieces.

Inventory:

Hand Weapons
 a - a +0 falchion (weapon)
 v - a +1 rapier of chaos
Armour
 b - a +0 leather armour
 i - a +0 chain mail
 p - a +0 ring mail of fire resistance
 r - an orb of light (worn)
 s - a +0 plate armour (worn)
Jewellery
 k - a ring of protection from fire (left hand)
Wands
 g - a wand of digging (3)
 m - a wand of quicksilver (4)
Scrolls
 c - a scroll of fog
 d - 2 scrolls of revelation
 e - a scroll of fear
 h - 2 scrolls of teleportation
Potions
 j - 2 potions of heal wounds {unknown}
 l - 2 potions of enlightenment
 n - a potion of resistance {unknown}
 o - 2 potions of invisibility
 q - a potion of lignification {unknown}
 t - a potion of mutation {unknown}
 u - a potion of curing {unknown}


   Skills:
 + Level 4.4 Fighting
 + Level 3.7 Long Blades
 + Level 3.6 Dodging
 - Level 5.0 Stealth


You had 4 spell levels left.
You didn't know any spells.
Your spell library contained the following spells:

 Spells                   Type           Power      Damage    Failure   Level
 Inner Flame              Hex/Fire       0%         N/A       100%        3
 Irradiate                Conj/Alch      0%         3d11      100%        5
 Ignition                 Fire           0%         3d3       100%        8


Dungeon Overview and Level Annotations

Branches:
Dungeon (5/15)             Temple (0/1) D:4

Altars:
Xom

Annotations:
D:4 Menkaure


Innate Abilities, Weirdness & Mutations

You regain HP and MP as you explore.


Message History

You feel yourself slow down.
You start resting.
HP restored.
You climb downwards.
Level annotation: Menkaure The gnoll closely misses you.
There is a stone staircase leading up here.
You hit the gnoll.
The gnoll is heavily wounded.
The gnoll barely misses you. The gnoll hits you with a +0 whip!
You barely miss the gnoll.
The gnoll is heavily wounded.
The gnoll hits you but does no damage. The gnoll hits you with a +0 whip.
You hit the gnoll.
The gnoll is almost dead.
The gnoll hits you from afar with a +0 spear.
The gnoll hits you with a +0 whip. The gnoll hits you but does no damage.
You barely miss the gnoll. The gnoll hits you but does no damage.
The gnoll hits you with a +0 spear. The gnoll hits you but does no damage.
You hit the gnoll.
You kill the gnoll!
The gnoll hits you but does no damage. The gnoll hits you with a +0 spear.
Your life force feels restored.
You hit the gnoll but do no damage. The gnoll hits you with a +0 spear.
You hit the gnoll.
The gnoll is lightly wounded.
The gnoll hits you but does no damage.
You hit the gnoll but do no damage.
The gnoll is lightly wounded.
The gnoll hits you with a +0 spear!
* * * LOW HITPOINT WARNING * * *
You hit the gnoll.
The gnoll is moderately wounded.
The gnoll hits you with a +0 spear.
* * * LOW HITPOINT WARNING * * *
You barely miss the gnoll.
The gnoll is moderately wounded.
The gnoll hits you with a +0 spear.
You die...

##..# ######...## ######
..........### #.... .
#####.......### .>.# #..
##........## ... ....
#..#..#.....###### ####.....
#..##..##.....##.####........
##. ##...........##))........
#. #......<@g....###.......
## ##..........### ....... #
##...!....## ....... #
#.......## ....... #
##......# ....... # #.....##
../.<## # #....## ...### #
####.# # #.#


You could see a gnoll.

Vanquished Creatures
  Ijyb (D:3)
  Terence (D:3)
  2 orc wizards
  2 gnolls (D:4)
  An adder (D:3)
  A dart slug (D:2)
  A ribbon worm (D:3)
  6 orcs
  6 ball pythons
  5 endoplasms
  3 giant cockroaches
  8 hobgoblins
  2 jackals (D:2)
  10 kobolds
  3 quokkas
  4 bats
  5 frilled lizards
  5 goblins
  5 rats
71 creatures vanquished.

Vanquished Creatures (others)
  A hobgoblin (D:3)
1 creature vanquished.

Grand Total: 72 creatures vanquished

Notes
Turn   | Place    | Note
-------+----------+-------------------------------------------
     0 | D:5      | Arcadio the Human Delver began the quest for the Orb.
     0 | D:5      | Reached XP level 1. HP: 18/18 MP: 1/1
    16 | D:5      | Noticed an iguana
    26 | D:5      | Noticed an orc priest
    28 | D:5      | Noticed an orc priest
    88 | D:4      | Noticed an orc wizard
   116 | D:4      | Killed an orc wizard
   117 | D:4      | Reached XP level 2. HP: 14/24 MP: 2/2
   117 | D:4      | Reached XP level 3. HP: 18/29 MP: 3/3
   241 | D:4      | Noticed Menkaure
   302 | D:3      | Found a large runed translucent door.
   302 | D:3      | Found a large runed translucent door.
   307 | D:3      | Noticed Terence
   308 | D:3      | Found a shimmering altar of Xom.
   346 | D:3      | Reached XP level 4. HP: 22/37 MP: 4/4
   419 | D:3      | Noticed Ijyb
   446 | D:3      | Killed Ijyb
  1085 | D:1      | Reached XP level 5. HP: 37/42 MP: 5/5
  1917 | D:2      | Found a faded altar of an unknown god.
  2625 | D:3      | Killed Terence
  2757 | D:4      | Found a staircase to the Ecumenical Temple.
  2950 | D:4      | Slain by a gnoll

Illustrated notes

Levels and vault maps discovered:
D:1:      minmay_arrival_shattered_statue, layout_basic, st_stairs_9,
          minmay_octomino_e4
D:2:      layout_basic, dreamdust_ecumenical_altar_grove
D:3:      due_chaos_kobolds, layout_rooms, uniq_ijyb, uniq_terence
D:4:      layout_cave_pods, minmay_temple_entry_from_below_a, uniq_natasha,
          uniq_menkaure, uniq_sigmund
D:5:      layout_gridville, lemuel_coloured_pillars_altar,
          cheibrodos_sewer_entry_sluice

Skill      XL: |  1  2  3  4 |
---------------+-------------+-----
Long Blades    | 3 |  3.7
Dodging        | 3 |  3.6
Fighting       | 4 |  4.4
Stealth        | |  5.0

Action                     |  1- 3 |  4- 6 || total
---------------------------+-------+-------++-------
  Melee: Falchion          |    31 |   197 ||   228
         Punch             |       |     4 ||     4
    Use: Scroll            |       |     4 ||     4
         Potion            |       |     1 ||     1
   Stab: Sleeping          |     1 |       ||     1
 Armour: Leather armour    |     8 |       ||     8
         Chain mail        |    20 |   129 ||   149
         Plate armour      |       |    69 ||    69
  Dodge: Dodged            |    13 |    72 ||    85
